 Dungeon Crawl Stone Soup version 0.30-a0-772-g5528072125 (webtiles) character file.

Game seed: 5749923795123021003

87 jimonade the Cudgeller (level 4, -2/45 HPs)
             Began as an Ogre Warper on Feb 13, 2023.
             Slain by a gnoll
             ... wielding a +0 flail
              (7 damage)
             ... on level 2 of the Dungeon.
             The game lasted 00:03:22 (1963 turns).

jimonade the Cudgeller (Ogre Warper)                Turns: 1963, Time: 00:03:22

Health: -2/45      AC:  3    Str: 17    XL:     4   Next: 51%
Magic:  7/7        EV: 15    Int: 14    God:
Gold:   23         SH:  0    Dex:  8    Spells: 8/8 levels left

rFire   . . .      SeeInvis .    a - +0 mace
rCold   . . .      Faith    .    (no shield)
rNeg    . . .      Spirit   .    b - +0 robe
rPois   .          Reflect  .    g - +0 hat
rElec   .          Harm     .    (no cloak)
rCorr   .          Rampage  .    (gloves unavailable)
Will    .....                    (boots unavailable)
Stlth   +                        (no amulet)
HPRegen 0.27/turn                o - +5 ring of evasion
MPRegen 0.10/turn                (no ring)

@: no status effects
A: large, unfitting armour, tough skin 1
a: no special abilities


You were on level 2 of the Dungeon.
You visited 1 branch of the dungeon, and saw 3 of its levels.

You collected 23 gold pieces.

Inventory:

Hand Weapons
 a - a +0 mace (weapon)
Missiles
 d - 7 boomerangs of dispersal (quivered)
 k - 3 poisoned darts
 l - 12 stones
 m - 4 boomerangs
Armour
 b - a +0 robe (worn)
 g - a +0 hat (worn)
Jewellery
 o - a +5 ring of evasion (left hand)
Scrolls
 c - 2 scrolls of blinking
 e - a scroll of identify {unknown}
 f - 2 scrolls of noise {unknown}
 h - 2 scrolls of enchant armour {unknown}
 j - a scroll of immolation {unknown}
 p - a scroll of poison {unknown}
 r - a scroll of teleportation {unknown}
Potions
 i - a potion of mutation {unknown}
 n - a potion of heal wounds {unknown}
 q - a potion of magic {unknown}


   Skills:
 + Level 3.2 Fighting
 * Level 3.4 Maces & Flails
 + Level 1.0 Throwing
 + Level 2.3 Dodging
 + Level 2.5 Spellcasting
 + Level 3.1 Translocations


You had 8 spell levels left.
You didn't know any spells.
Your spell library contained the following spells:

 Spells                   Type           Power      Damage    Failure   Level
 Blink                    Tloc           20%        N/A       10%         2
 Lesser Beckoning         Tloc           20%        N/A       10%         2
 Teleport Other           Tloc           10%        N/A       19%         3
 Vhi's Electric Charge    Tloc/Air       12%        N/A       34%         3
 Manifold Assault         Tloc           10%        N/A       52%         4


Dungeon Overview and Level Annotations

Branches:
Dungeon (3/15)

Altars:

Annotations:
D:2 Robin


Innate Abilities, Weirdness & Mutations

You are too large for most types of armour.
You have tough skin. (AC +1)


Message History

The gnoll attacks as you move away! The gnoll closely misses you.
The goblin barely misses you. The goblin misses you.
The goblin attacks as you move away! The goblin hits you with a +0 dagger.
The goblin barely misses you. The gnoll attacks as you move away!
The gnoll completely misses you. The goblin attacks as you move away!
The goblin barely misses you. The goblin attacks as you move away!
The goblin completely misses you.
Found 16 gold pieces.
The goblin attacks as you move away! The goblin hits you with a +0 dagger.
The goblin attacks as you move away! The goblin closely misses you.
The goblin attacks as you move away! The goblin misses you.
Found a stone staircase leading up.
The goblin no longer looks unusually strong. x2
The goblin hits you but does no damage.
You see here 16 gold pieces.
The goblin attacks as you move away! The goblin hits you but does no damage.
The gnoll attacks as you move away! The gnoll closely misses you.
The goblin attacks as you move away! The goblin closely misses you.
The gnoll barely misses you. The goblin attacks as you move away!
The goblin completely misses you. The goblin attacks as you move away!
The goblin misses you. The gnoll attacks as you move away!
The gnoll hits you with a +0 flail. The goblin attacks as you move away!
The goblin hits you with a +0 dagger. The gnoll attacks as you move away!
The gnoll barely misses you. The goblin hits you with a +0 dagger.
There is a stone staircase leading up here.
The gnoll hits you with a +0 flail.
You climb upwards.
Level annotation: Robin
There is a stone staircase leading down here.
You hit the goblin.
You kill the goblin!
The gnoll hits you with a +0 flail. The gnoll attacks as you move away!
The gnoll hits you with a +0 flail!
* * * LOW HITPOINT WARNING * * *
The gnoll attacks as you move away! The gnoll hits you with a +0 flail.
* * * LOW HITPOINT WARNING * * *
The gnoll attacks as you move away! The gnoll hits you but does no damage.
You completely miss the gnoll. The gnoll hits you with a +0 flail!
You die...

#.................
#.................
#..>..............
#.................
#...........##...#
########.....#...#
#.....#...#
########.....##...
#@g....>......+...
#.#...)......##...
#.#..........##...
#.................
#...........#.....
#.................
#..........#......
#..........#......
.......#......


You could see a gnoll.

Vanquished Creatures
  Natasha (twice) (D:2)
  A gnoll (D:1)
  A dart slug (D:1)
  2 bats
  3 endoplasms
  A giant cockroach (D:2)
  4 goblins
  4 hobgoblins
  2 ball pythons
  2 frilled lizards
  A kobold (D:1)
  4 rats (D:1)
27 creatures vanquished.

Notes
Turn   | Place    | Note
-------+----------+-------------------------------------------
     0 | D:1      | jimonade the Ogre Warper began the quest for the Orb.
     0 | D:1      | Reached XP level 1. HP: 22/22 MP: 3/3
   239 | D:1      | Reached XP level 2. HP: 29/29 MP: 5/5
   736 | D:1      | Reached XP level 3. HP: 37/37 MP: 6/6
   789 | D:1      | Found a faded altar of an unknown god.
  1044 | D:2      | Noticed Natasha
  1332 | D:2      | Killed Natasha
  1646 | D:2      | Noticed Natasha
  1668 | D:1      | Reached XP level 4. HP: 41/45 MP: 7/7
  1824 | D:2      | Killed Natasha
  1923 | D:2      | Noticed Robin
  1963 | D:2      | Slain by a gnoll

Illustrated notes

Levels and vault maps discovered:
D:1:      matt_arrival_diagonals, layout_loops_corners,
          hellmonk_ecumenical_altar_arch_garden
D:2:      layout_basic, serial_rivers, chequers_serial_rivers_micro_d,
          chequers_serial_rivers_small_b, chequers_serial_rivers_large_a,
          chequers_serial_rivers_room_b, chequers_serial_rivers_small_3,
          uniq_robin, uniq_natasha
D:3:      layout_basic, worldfamousw_hep_ancestral_shrine, serial_park_tiny_2,
          minmay_misc_feat_alley, kennysheep_generic_room_4

Skill      XL: |  1  2  3 |
---------------+----------+-----
Maces & Flails | 2 3 |  3.4
Fighting       | 3 |  3.2
Translocations | 3 |  3.1
Throwing       | |  1.0
Dodging        | |  2.3
Spellcasting   | |  2.5

Action                     |  1- 3 |  4- 6 || total
---------------------------+-------+-------++-------
  Melee: Mace              |    89 |    17 ||   106
         Punch             |     1 |       ||     1
 Armour: Robe              |    25 |     8 ||    33
  Dodge: Dodged            |    40 |    36 ||    76

Table legend: (Time is in decaauts)
 A = Elapsed time spent in this place.
 B = Non-inter-level travel time spent in this place.
 C = Inter-level travel time spent in this place.
 D = Time resting spent in this place.
 E = Time spent auto-exploring this place.
 F = Levels seen in this place.
 G = Mean time per level.
                   A        B        C        D        E       F      G
               +--------+--------+--------+--------+--------+-----+--------+
         Total |   2024 |   1854 |    170 |    298 |    967 |   3 |  674.7 |
       Dungeon |   2024 |   1854 |    170 |    298 |    967 |   3 |  674.7 |
               +--------+--------+--------+--------+--------+-----+--------+

Top non-repeatable levels by time:
     D:1: 1488 daAuts
     D:2: 513 daAuts
     D:3: 22 daAuts
